 Dungeon Crawl Stone Soup version 0.24.0-123-gd5b16e6ec5 (webtiles) character file.

Game seed: 11908243162241411898, levelgen mode: deterministic

11398 Gigofroid the Spear-Bearer (level 11, -5/77 HPs)
             Began as a Merfolk Gladiator on Jan 14, 2020.
             Was a Priest of Hepliaklqana.
             Slain by a centaur warrior (11 damage)
             ... on level 15 of the Dungeon.
             The game lasted 00:43:32 (11294 turns).

Gigofroid the Spear-Bearer (Merfolk Gladiator)     Turns: 11294, Time: 00:43:33

Health: -5/77      AC:  9    Str: 16    XL:     11   Next: 77%
Magic:  15/15      EV: 19    Int:  8    God:    Hepliaklqana [***...]
Gold:   703        SH:  0    Dex: 17    Spells: 10/10 levels left

rFire    . . .     SeeInvis .   a - +0 trident
rCold    . . .     Gourm    .   (no shield)
rNeg     + . .     Faith    .   K - +0 troll leather armour
rPois    .         Spirit   .   s - +0 helmet
rElec    .         Reflect  .   k - +1 cloak
rCorr    .         Harm     .   r - +0 pair of gloves
MR       .....                  y - +0 pair of boots
Stlth    +++++.....             I - amulet of rage
HPRegen  0.62/turn              l - ring of stealth
MPRegen  0.14/turn              D - ring of positive energy

@: no status effects
A: change form in water, swift swim, stealthy swim, reduced essence
a: Recall Ancestor, Ancestor Identity, Transference, Renounce Religion, Evoke
Berserk Rage


You were on level 15 of the Dungeon.
You worshipped Hepliaklqana.
Hepliaklqana was most pleased with you.
You were not hungry.

You visited 2 branches of the dungeon, and saw 14 of its levels.
You also visited: Sewer.

You collected 703 gold pieces.

Inventory:

Hand Weapons
 a - a +0 trident (weapon)
Missiles
 d - 4 throwing nets (quivered)
Armour
 k - a +1 cloak (worn)
 r - a +0 pair of gloves (worn)
 s - a +0 helmet (worn)
 y - a +0 pair of boots (worn)
 K - a +0 troll leather armour (worn)
Jewellery
 l - a ring of stealth (left hand)
 D - a ring of positive energy (right hand)
 E - an uncursed ring of see invisible {unknown}
 H - an uncursed ring of protection from magic
 I - an amulet of rage (around neck)
 M - an uncursed ring of positive energy
Wands
 g - a wand of scattershot (3)
 p - a wand of polymorph (6)
 F - a wand of random effects (19)
 J - a wand of digging (4)
 P - a wand of paralysis (12)
Scrolls
 b - a scroll of enchant weapon {unknown}
 e - 3 scrolls of enchant armour {unknown}
 h - 8 scrolls of remove curse
 i - 3 scrolls of blinking {unknown}
 j - 3 scrolls of magic mapping {unknown}
 m - 3 scrolls of noise {unknown}
 n - 2 scrolls of fear {unknown}
 o - 12 scrolls of identify
 q - 5 scrolls of teleportation
 t - 2 scrolls of amnesia {unknown}
 u - a scroll of immolation {unknown}
 z - 2 scrolls of random uselessness {unknown}
 A - 4 scrolls of fog {unknown}
 B - a scroll of summoning {unknown}
 N - a scroll of silence {unknown}
 O - a scroll of brand weapon {unknown}
Potions
 c - 5 potions of flight {unknown}
 v - 5 potions of curing
 w - 3 potions of haste
 x - 2 potions of mutation
 C - 2 potions of agility
 G - 2 potions of heal wounds {unknown}
Comestibles
 f - 18 rations
 L - 4 chunks of flesh


   Skills:
 + Level 8.3 Fighting
 * Level 14.5 Polearms
 - Level 2.0 Throwing
 + Level 2.8 Armour
 + Level 10.3 Dodging
 + Level 8.6 Stealth
 + Level 6.4 Invocations
 + Level 4.4 Evocations


You had 10 spell levels left.
You didn't know any spells.
Your spell library contained the following spells:

 Spells                   Type           Power        Failure   Level  Hunger
 Magic Dart               Conj           #...         45%         1    ##.....
 Poisonous Vapours        Pois/Air       #.....       61%         2    ###....
 Searing Ray              Conj           #.....       61%         2    ###....
 Conjure Flame            Conj/Fire      #.......     83%         3    ####...
 Dazzling Spray           Conj/Hex       #.....       83%         3    ####...
 Mephitic Cloud           Conj/Pois/Air  #.......     83%         3    ####...
 Force Lance              Conj/Tloc      #.......     99%         4    #####..
 Fulminant Prism          Conj/Hex       #.........   99%         4    #####..
 Iskenderun's Mystic Bla  Conj           #.......     99%         4    #####..
 Freezing Cloud           Conj/Ice/Air   #.........   100%        6    #######
 Ring of Flames           Chrm/Fire      #.........   100%        7    #######


Dungeon Overview and Level Annotations

Branches:
Dungeon (14/15)            Temple (1/1) D:5            Lair (0/6) D:11
    Orc (0/2) D:9           Sewer (visited)
 Vaults: D:13-14

Altars:
Ashenzari
Cheibriados
Dithmenos
Elyvilon
Fedhas
Gozag
Hepliaklqana
Kikubaaqudgha
Makhleb
Nemelex Xobeh
Okawaru
Qazlal
Sif Muna
Trog
Uskayaw
Vehumet
Wu Jian
Xom
Yredelemnul
Zin
The Shining One
Lugonu

Shops:
D:15 *

Annotations:
D:10 2 runed translucent doors


Message History

You puncture the centaur warrior!
The centaur warrior is lightly wounded.
The centaur warrior hits you.
* * * LOW HITPOINT WARNING * * *
You puncture the centaur warrior!
The centaur warrior is moderately wounded.
The centaur warrior misses you.
You hit the centaur warrior but do no damage.
The centaur warrior is moderately wounded.
The centaur warrior hits you but does no damage.
You hit the centaur warrior but do no damage.
The centaur warrior is moderately wounded.
The centaur warrior hits you.
* * * LOW HITPOINT WARNING * * *
A troll comes into view.
The troll shouts!
You hit the centaur warrior but do no damage.
The centaur warrior is moderately wounded.
The centaur warrior hits you!
You die...

..T.. ... ... .<. #.
#.# #.# #.# #.# #c# #.#
#@# #.# #(# #.# ##.#
#.#####.∩#####
#...............
.#######.########.#####
.........# .#
.........# #
...<......#


You could see a centaur warrior and a troll.

Vanquished Creatures
  2 two-headed ogres
  Nergalle (D:10)
  A cyclops (D:15)
  4 centaur skeletons
  A kobold demonologist (D:15)
  A troll (D:10)
  A hippogriff (D:6)
  Grinder (D:3)
  A wyvern (D:10)
  An ice beast (D:9)
  An orc warrior (D:15)
  A phantom (D:7)
  2 sky beasts
  An ogre (D:9)
  3 black bears
  A necrophage (D:10)
  2 centaurs
  2 wolves (D:10)
  3 crocodiles (D:11)
  Blork the orc (D:6)
  2 big kobolds
  4 bullfrogs
  2 scorpions
  A wyvern skeleton (D:9)
  10 killer bees
  2 wights (D:14)
  A howler monkey (D:10)
  An electric eel (D:9)
  4 crimson imps
  4 hounds
  A jelly (D:7)
  A gnoll shaman (D:7)
  4 orc priests
  2 orc wizards
  Crazy Yiuf (D:3)
  2 bullfrog skeletons
  Jessica (D:2)
  2 iguanas
  Terence (D:2)
  2 worker ants
  2 killer bee zombies
  A hound zombie (D:10)
  A hound skeleton (D:7)
  Robin (D:2)
  4 gnolls
  8 adders
  A howler monkey skeleton (D:4)
  2 shadow imps
  An ooze (D:1)
  2 adder skeletons
  4 worms (D:2)
  2 dart slugs
  7 leopard geckos
  13 orcs
  2 ball pythons
  10 bats
  6 giant cockroaches
  17 goblins
  12 hobgoblins
  16 jackals
  4 quokkas
  6 frilled lizards
  16 kobolds
  A leopard gecko skeleton (D:5)
  9 rats
227 creatures vanquished.

Vanquished Creatures (collateral kills)
  An unseen horror (D:14)
  A kobold demonologist (D:11)
  A centaur skeleton (D:14)
  A merfolk (D:9)
  A hippogriff (D:11)
  A wyvern (D:9)
  An orc warrior (D:8)
  A black bear (D:11)
  An ice beast (D:11)
  4 phantoms
  An ogre (D:11)
  3 centaurs
  A crocodile (D:10)
  2 bullfrogs
  A gnoll sergeant (D:5)
  A wyvern skeleton (D:10)
  2 killer bees (D:10)
  2 wights (D:14)
  2 centaur zombies
  An iguana (D:6)
  2 orc wizards (D:8)
  A worker ant (D:11)
  A killer bee zombie (D:10)
  A hound skeleton (D:11)
  6 gnolls
  2 adders
  10 orcs
  2 hobgoblins (D:9)
  4 jackals
  7 kobolds
  A rat (D:5)
66 creatures vanquished.

Vanquished Creatures (others)
  4 knights
  3 ancestors (D:7)
  A fungus (D:11)
8 creatures vanquished.

Grand Total: 301 creatures vanquished

Notes
Turn   | Place    | Note
-------+----------+-------------------------------------------
     0 | D:1      | Gigofroid the Merfolk Gladiator began the quest for the
                  | Orb.
     0 | D:1      | Reached XP level 1. HP: 16/16 MP: 1/1
    67 | D:1      | Reached XP level 2. HP: 19/23 MP: 2/2
    91 | D:1      | Reached skill level 1 in Stealth
    94 | D:1      | Reached skill level 5 in Polearms
   229 | D:1      | Reached XP level 3. HP: 24/28 MP: 3/3
   605 | D:2      | Reached XP level 4. HP: 30/34 MP: 4/4
   617 | D:2      | Noticed Terence
   629 | D:2      | Killed Terence
   633 | D:2      | Found a shadowy altar of Dithmenos.
  1016 | D:2      | Reached skill level 6 in Polearms
  1042 | D:2      | Reached XP level 5. HP: 22/41 MP: 5/5
  1136 | D:2      | Found a glowing silver altar of Zin.
  1146 | D:2      | Noticed Jessica
  1163 | D:2      | Killed Jessica
  1173 | D:2      | Reached skill level 5 in Dodging
  1333 | D:2      | Noticed Robin
  1378 | D:2      | Killed Robin
  1632 | D:3      | Noticed Grinder
  1646 | D:3      | HP: 2/41 [Grinder/nerve-wracking pain (10)]
  1944 | D:3      | Paralysed by Grinder for 7 turns
  1953 | D:3      | Paralysed by Grinder for 7 turns
  2475 | D:3      | Found a shattered altar of Ashenzari.
  2613 | D:3      | Paralysed by Grinder for 4 turns
  2622 | D:3      | Killed Grinder
  2622 | D:3      | Reached skill level 7 in Polearms
  2622 | D:3      | Reached XP level 6. HP: 9/48 MP: 6/6
  2896 | D:3      | Found a hide-covered altar of Uskayaw.
  2969 | D:3      | Found a glowing golden altar of the Shining One.
  2990 | D:3      | Found a runed translucent door.
  2991 | D:3      | Noticed Crazy Yiuf
  3166 | D:3      | Found a shimmering blue altar of Sif Muna.
  3279 | D:3      | Killed Crazy Yiuf
  3715 | D:4      | Reached XP level 7. HP: 51/54 MP: 7/7
  4070 | D:5      | Entered Level 5 of the Dungeon
  4077 | D:5      | Found a staircase to the Ecumenical Temple.
  4087 | Temple   | Entered the Ecumenical Temple
  4102 | Temple   | Became a worshipper of Hepliaklqana the Forgotten
  4148 | D:5      | Reached skill level 8 in Polearms
  4243 | D:5      | Found a stormy altar of Qazlal.
  4271 | D:5      | Found a blossoming altar of Fedhas.
  4431 | D:5      | Found a glowing drain.
  4440 | Sewer    | Entered a sewer
  4592 | Sewer    | Found a white marble altar of Elyvilon.
  4808 | D:5      | Reached skill level 9 in Polearms
  4932 | D:5      | Found a shimmering altar of Xom.
  4932 | D:5      | Found a radiant altar of Vehumet.
  5000 | D:6      | Reached XP level 8. HP: 54/54 MP: 8/8
  5117 | D:6      | Noticed Blork the orc
  5123 | D:6      | Killed Blork the orc
  5206 | D:6      | Reached * piety under Hepliaklqana
  5273 | D:6      | Reached skill level 5 in Fighting
  5684 | D:7      | Reached skill level 1 in Invocations
  5704 | D:7      | Reached skill level 5 in Stealth
  5765 | D:7      | Reached skill level 10 in Polearms
  6079 | D:7      | Noticed a hippogriff
  6164 | D:6      | Killed a hippogriff
  6164 | D:6      | Reached XP level 9. HP: 35/62 MP: 10/10
  6385 | D:7      | Reached skill level 11 in Polearms
  6907 | D:7      | Found a snail-covered altar of Cheibriados.
  6916 | D:7      | Reached ** piety under Hepliaklqana
  6917 | D:7      | Remembered your ancestor GrandMa as a knight
  7855 | D:8      | You fall into a shaft and drop 1 floor!
  8213 | D:9      | Reached skill level 12 in Polearms
  8213 | D:9      | Reached skill level 1 in Evocations
  8419 | D:9      | Reached XP level 10. HP: 45/69 MP: 13/13
  8459 | D:9      | Found a bloodstained altar of Trog.
  8494 | D:9      | Found an iron altar of Okawaru.
  8719 | D:9      | Found a staircase to the Orcish Mines.
  8730 | D:9      | Reached *** piety under Hepliaklqana
  8795 | D:9      | Found a basalt altar of Yredelemnul.
  9076 | D:9      | Found an ornate altar of the Wu Jian Council.
  9235 | D:10     | Entered Level 10 of the Dungeon
  9258 | D:10     | Noticed Nergalle
  9292 | D:10     | Killed Nergalle
  9346 | D:10     | Reached skill level 1 in Armour
  9346 | D:10     | Reached skill level 5 in Invocations
  9360 | D:10     | Reached skill level 13 in Polearms
  9620 | D:10     | Found a large runed translucent door.
  9620 | D:10     | Found a large runed translucent door.
  9622 | D:10     | Noticed a two-headed ogre
  9624 | D:10     | Noticed a naga warrior
  9632 | D:10     | Noticed a cyclops
  9978 | D:10     | Found a shimmering altar of Xom.
  9980 | D:10     | Found a shattered altar of Ashenzari.
  9980 | D:10     | Found an iron altar of Okawaru.
  9982 | D:10     | Found a stormy altar of Qazlal.
  9982 | D:10     | Found a shimmering blue altar of Sif Muna.
  9982 | D:10     | Found an ornate altar of the Wu Jian Council.
 10112 | D:10     | Noticed a cyclops
 10146 | D:11     | Reached XP level 11. HP: 75/75 MP: 15/15
 10457 | D:11     | Noticed a two-headed ogre
 10472 | D:11     | Killed a two-headed ogre
 10651 | D:11     | Found a staircase to the Lair.
 10760 | D:11     | Reached skill level 14 in Polearms
 10878 | D:11     | You fall into a shaft and drop 3 floors!
 10956 | D:14     | Reached skill level 10 in Dodging
 11035 | D:14     | Killed an unseen horror
 11052 | D:14     | You fall into a shaft and drop 1 floor!
 11052 | D:15     | Entered Level 15 of the Dungeon
 11099 | D:15     | Noticed a cyclops
 11122 | D:15     | Killed a cyclops
 11229 | D:15     | Found Poamuota's General Store.
 11271 | D:15     | Noticed a two-headed ogre
 11278 | D:15     | Noticed a centaur warrior
 11287 | D:15     | Killed a two-headed ogre
 11294 | D:15     | Slain by a centaur warrior

Levels and vault maps discovered:
D:1:      dpeg_arrival_leaves_temple_mockup, layout_rooms
D:2:      minmay_general_purpose_star, layout_basic,
          nicolae_dithmenos_through_a_glass_darkly,
          nicolae_overflow_hidden_temple, uniq_terence, uniq_jessica, uniq_robin
D:3:      layout_basic, tso_oasis_becter, old_standard_altar,
          nicolae_overflow_crystal_walls, marbit_many_paths, first_ration,
          uniq_grinder, uniq_crazy_yiuf_cottage
D:4:      layout_loops_ring
D:5:      layout_rooms, grunt_qazlal_clouds, old_standard_altar,
          gammafunk_temple_overflow_pools, minmay_temple_entry_trees,
          portal_sewer_entry_b, minivault_1, lightli_minifort
D:6:      layout_loops_ring, ebering_dispersal_statue_hall, uniq_blork_the_orc
D:7:      layout_rooms, lemuel_crystal_altar
D:8:      layout_basic
D:9:      layout_basic, kennysheep_mini, lemuel_round_altar,
          okawaru_altar_gauntlet_db, lemuel_doored_altar, hangedman_fish_farm
D:10:     okawaru_arena_lexackson, layout_basic, doesnt_xom_only_xom,
          uniq_nergalle
D:11:     layout_small_grid, minmay_lair_entry_grove
D:14:     layout_irregular_city, minmay_misc_feat_rows, minmay_joined_circles
D:15:     gammafunk_enter_depths_forms, layout_small_grid, serial_shops, shop,
          nicolae_ashenzari_panopticon
Temple:   corrupted_temple

Skill      XL: |  1  2  3  4  5  6  7  8  9 10 11 |
---------------+----------------------------------+-----
Stealth        | 1 2 3 4 5 6 7 8 |  8.6
Polearms       | 5 6 7 9 10 12 13 14 | 14.5
Fighting       | 3 4 5 6 7 8 |  8.3
Dodging        | 5 6 7 8 9 10 | 10.3
Invocations    | 2 4 5 6 |  6.4
Evocations     | 1 3 4 |  4.4
Armour         | 1 2 |  2.8
Throwing       | |  2.0

Action                   |  1- 3 |  4- 6 |  7- 9 | 10-12 || total
-------------------------+-------+-------+-------+-------++-------
Melee: Trident           |    96 |   217 |   409 |   458 ||  1180
Invok: Recall Ancestor   |       |       |     3 |     3 ||     6
       Ancestor Life: Kn |       |       |     1 |       ||     1
       Ancestor Identity |       |       |     1 |       ||     1
       Transference      |       |       |       |     1 ||     1
Evoke: Wand              |       |       |     1 |       ||     1
  Use: Potion            |       |     5 |       |       ||     5
       Scroll            |       |       |     4 |       ||     4
 Stab: Sleeping          |     2 |    10 |    11 |     6 ||    29
       Distracted        |       |       |     3 |     9 ||    12
  Eat: Chunk             |       |     9 |    15 |    10 ||    34
Armor: Leather armour    |    31 |    27 |    91 |    14 ||   163
       Troll leather arm |       |       |       |    41 ||    41
Dodge: Dodged            |    68 |   100 |   286 |   232 ||   686
